 Dungeon Crawl Stone Soup version 0.30-a0-55-g90e3122c3a (webtiles) character file.

Game seed: 12584214979815880604

2717 LnG the Cleaver (level 9, 0/78 HPs)
             Began as a Hill Orc Fighter on Sept 9, 2022.
             Was a Believer of Uskayaw.
             Slain by a hornet (5 damage)
             ... on level 7 of the Dungeon.
             The game lasted 00:19:35 (7974 turns).

LnG the Cleaver (Hill Orc Fighter)                  Turns: 7974, Time: 00:19:35

Health: 0/78       AC: 15    Str: 29    XL:     9   Next: 66%
Magic:  9/9        EV: 10    Int:  8    God:    Uskayaw [**....]
Gold:   384        SH:  5    Dex: 10    Spells: 8/8 levels left

rFire   . . .      SeeInvis .    z - +6 shillelagh "Devastator" {shatter}
rCold   . . .      Faith    .    c - +0 buckler
rNeg    . . .      Spirit   .    b - +1 scale mail
rPois   .          Reflect  .    (no helmet)
rElec   .          Harm     .    g - +2 cloak
rCorr   .          Rampage  .    u - +2 pair of gloves
Will    +....                    (no boots)
Stlth   +.........               (no amulet)
HPRegen 0.23/turn                f - +6 ring of strength
MPRegen 0.11/turn                n - ring of willpower

@: slowed, very slow
A: no striking features
a: Renounce Religion, Stomp, Line Pass


You were on level 7 of the Dungeon.
You worshipped Uskayaw.
Uskayaw was noncommittal.
You visited 2 branches of the dungeon, and saw 8 of its levels.

You collected 478 gold pieces.
You spent 94 gold pieces at shops.

Inventory:

Hand Weapons
 a - a +2 war axe
 z - the +6 shillelagh "Devastator" (weapon) {shatter}
   (You found it on level 7 of the Dungeon)

   It releases a powerful concussive burst when it strikes, dealing extra damage
   to the target and all other foes adjacent to them.
Armour
 b - a +1 scale mail (worn)
 c - a +0 buckler (worn)
 g - a +2 cloak (worn)
 p - a +0 scale mail of cold resistance
 u - a +2 pair of gloves (worn)
Jewellery
 f - a +6 ring of strength (left hand)
 n - a ring of willpower (right hand)
Wands
 k - a wand of light (9)
 o - a wand of flame (12)
Scrolls
 h - 3 scrolls of amnesia
 i - 4 scrolls of teleportation
 j - 2 scrolls of magic mapping
 r - a scroll of brand weapon {unknown}
 s - a scroll of poison {unknown}
 t - a scroll of immolation {unknown}
 w - 2 scrolls of fear {unknown}
 x - a scroll of noise {unknown}
 y - a scroll of summoning
Potions
 d - 3 potions of might
 e - 2 potions of heal wounds
 l - 2 potions of curing {unknown}
 m - 3 potions of attraction {unknown}
 q - a potion of lignification {unknown}
 v - 2 potions of resistance


   Skills:
 + Level 6.6 Fighting
 + Level 11.4 Axes
 + Level 7.1 Armour
 + Level 2.3 Dodging
 + Level 2.5 Stealth
 + Level 5.7 Shields
 + Level 0.1 Evocations


You had 8 spell levels left.
You didn't know any spells.
Your spell library contained the following spells:

 Spells                   Type           Power      Damage    Failure   Level
 Slow                     Hex            0%         N/A       73%         1
 Sublimation of Blood     Necr           0%         N/A       86%         2
 Wereblood                Tmut           0%         N/A       86%         2
 Confusing Touch          Hex            0%         N/A       97%         3
 Ozocubu's Armour         Ice            0%         N/A       97%         3
 Tukima's Dance           Hex            0%         N/A       97%         3
 Vampiric Draining        Necr           0%         2d6       97%         3
 Passage of Golubria      Tloc           0%         N/A       100%        4
 Yara's Violent Unravell  Hex/Tmut       0%         3d3       100%        5
 Enfeeble                 Hex            0%         N/A       100%        7
 Ozocubu's Refrigeration  Ice            0%         4d7       100%        7
 Summon Hydra             Summ           0%         N/A       100%        7


Dungeon Overview and Level Annotations

Branches:
Dungeon (7/15)             Temple (1/1) D:4

Altars:
Ashenzari
Cheibriados
Elyvilon
Fedhas
Gozag
Hepliaklqana
Kikubaaqudgha
Makhleb
Nemelex Xobeh
Okawaru
Qazlal
Sif Muna
Trog
Uskayaw
Wu Jian
Xom
Zin
The Shining One

Shops:
D:1 !*=?   D:4 **


Message History

The hornet stings you but does no damage.
The hornet closely misses you.
You closely miss the hornet.
The hornet is heavily wounded.
You feel sick. You block the hornet's attack. The hornet stings you.
You feel as though you will be slow longer.
You hit the hornet.
The hornet shudders.
The hornet is severely wounded.
You feel sick.
The hornet stings you but does no damage. x3
You barely miss the hornet.
The hornet is severely wounded.
You feel sick.
The hornet stings you but does no damage.
The hornet closely misses you.
You barely miss the hornet.
The hornet is severely wounded.
You feel sick.
You are no longer poisoned.
The hornet stings you!
* * * LOW HITPOINT WARNING * * *
You feel as though you will be slow longer.
The hornet barely misses you.
You closely miss the hornet.
The hornet is severely wounded.
The hornet stings you.
* * * LOW HITPOINT WARNING * * *
You suddenly lose the ability to move!
The hornet stings you but does no damage.
The hornet stings you!
* * * LOW HITPOINT WARNING * * *
You feel as though you will be slow longer.
The hornet stings you.
* * * LOW HITPOINT WARNING * * *
You shrug off the repeated paralysis!
You can move again.
You hit the hornet.
The hornet shudders.
The hornet is almost dead. x2
The hornet stings you.
You die...

. #...[## .. ##..<#
... #.### .5..
#......# ..$..####
#....... ........###
..$..... #...#
........ ###y#####
#........
#.@(...###.........
##.....#............
#..((8.(.#........
#.(#(.(8(.........
##.((..[.8.......#
#(.....#.......!.#
##((.#(..8...?...#
#.#...#...#..##
##.(#.#####


You could see a hornet.

Vanquished Creatures
  A gargoyle (D:6)
  3 water moccasins
  3 ice beasts
  3 black bears
  2 sky beasts
  2 ogres (D:5)
  3 centaurs
  2 bullfrogs
  A scorpion (D:6)
  3 wights (D:7)
  A howler monkey (D:5)
  A gnoll bouda (D:5)
  An orc priest (D:6)
  2 hounds
  Ijyb (D:3)
  4 iguanas
  5 orc wizards
  8 adders
  4 gnolls (D:5)
  A shadow imp (D:6)
  2 white imps
  2 worms
  2 dart slugs
  20 orcs
  5 ball pythons
  10 bats
  6 endoplasms
  4 giant cockroaches
  7 hobgoblins
  6 quokkas
  A frilled lizard (D:1)
  12 goblins
  4 kobolds
  9 rats
141 creatures vanquished.

Notes
Turn   | Place    | Note
-------+----------+-------------------------------------------
     0 | D:1      | LnG the Hill Orc Fighter began the quest for the Orb.
     0 | D:1      | Reached XP level 1. HP: 19/19 MP: 1/1
   155 | D:1      | Reached XP level 2. HP: 27/27 MP: 2/2
   589 | D:1      | Reached skill level 3 in Axes
   596 | D:1      | Found Juynaef's Magic Scroll Emporium.
   634 | D:1      | Bought 2 scrolls of identify for 52 gold pieces
   677 | D:1      | Reached XP level 3. HP: 33/33 MP: 3/3
   686 | D:1      | Found Kifuquxu's Distillery.
   704 | D:1      | Found Yrejaime's General Store.
   842 | D:1      | Bought a scroll of teleportation for 42 gold pieces
  1066 | D:1      | Found Reexuhia's Jewellery Emporium.
  1381 | D:2      | Reached XP level 4. HP: 40/40 MP: 4/4
  2168 | D:3      | Found a broken altar of Ashenzari.
  2269 | D:3      | Noticed Ijyb
  2282 | D:3      | Killed Ijyb
  2283 | D:3      | Reached XP level 5. HP: 14/46 MP: 5/5
  2706 | D:3      | Reached skill level 4 in Axes
  3191 | D:4      | Found a staircase to the Ecumenical Temple.
  3202 | Temple   | Entered the Ecumenical Temple
  3262 | Temple   | Became a worshipper of Uskayaw the Reveller
  3453 | D:4      | Noticed a sky beast
  3457 | D:4      | Reached * piety under Uskayaw
  3460 | D:4      | Killed a sky beast
  3460 | D:4      | Reached ** piety under Uskayaw
  3461 | D:4      | Reached XP level 6. HP: 36/53 MP: 6/6
  3581 | D:4      | Found a hazy altar of Hepliaklqana.
  3670 | D:4      | Reached skill level 5 in Axes
  3688 | D:4      | Found a stormy altar of Qazlal.
  3755 | D:4      | Reached skill level 1 in Dodging
  3862 | D:4      | Found Sozxos's Specific Store.
  3864 | D:4      | Found Yfeumeh's General Store.
  4072 | D:5      | Entered Level 5 of the Dungeon
  4363 | D:5      | Reached *** piety under Uskayaw
  4591 | D:5      | Reached skill level 6 in Axes
  4591 | D:5      | Reached XP level 7. HP: 24/60 MP: 7/7
  4802 | D:5      | Reached skill level 5 in Armour
  4802 | D:5      | Reached skill level 1 in Stealth
  5015 | D:5      | Reached skill level 7 in Axes
  5796 | D:5      | Reached skill level 5 in Fighting
  5796 | D:5      | Reached skill level 8 in Axes
  5798 | D:5      | Found a shimmering altar of Xom.
  6020 | D:5      | Reached XP level 8. HP: 68/68 MP: 8/8
  6265 | D:5      | Reached skill level 9 in Axes
  6265 | D:5      | Reached skill level 5 in Shields
  6619 | D:6      | Reached skill level 10 in Axes
  6619 | D:6      | Reached XP level 9. HP: 73/75 MP: 9/9
  7012 | D:7      | Noticed a two-headed ogre
  7012 | D:7      | Found the +6 shillelagh "Devastator" {shatter}
  7013 | D:7      | Noticed a two-headed ogre
  7207 | D:7      | Reached **** piety under Uskayaw
  7209 | D:7      | Reached ***** piety under Uskayaw
  7213 | D:7      | Noticed a two-headed ogre
  7340 | D:7      | Reached skill level 11 in Axes
  7489 | D:7      | Noticed a gargoyle
  7626 | D:6      | Killed a gargoyle
  7957 | D:7      | Noticed a hornet
  7972 | D:7      | Paralysed by a hornet for 2 turns
  7974 | D:7      | Slain by a hornet

Illustrated notes

Levels and vault maps discovered:
D:1:      dpeg_arrival_rooms_a, layout_loops_ring, serial_shops,
          nicolae_square_shop, nicolae_shop_crystal, nicolae_shop_statue_plus,
          nicolae_shop_waterfront
D:2:      layout_basic
D:3:      layout_basic, amcnicky_altar_gilded, chequers_garden, uniq_ijyb
D:4:      layout_gridville, grunt_qazlal_sundering,
          nicolae_overflow_crystal_walls, minmay_temple_entry_large_hall,
          nicolae_specific_store, minivault_11, corexii_shack
D:5:      layout_layer_cave, tgw_xom
D:6:      layout_cave_pools, kennysheep_generic_room_16
D:7:      layout_rooms, grunt_dithmenos_smoke, dilly_guarded_unrand_devastator
Temple:   eino_temple_water

Skill      XL: |  1  2  3  4  5  6  7  8  9 |
---------------+----------------------------+-----
Fighting       | 4 5 6 |  6.6
Axes           | 3 4 6 8 10 11 | 11.4
Armour         | 4 5 6 7 |  7.1
Shields        | 4 5 |  5.7
Dodging        | 1 2 |  2.3
Stealth        | 1 2 |  2.5
Evocations     | |  0.1

Action                   |  1- 3 |  4- 6 |  7- 9 || total
-------------------------+-------+-------+-------++-------
Melee: War axe           |   124 |   147 |   166 ||   437
       Shillelagh        |       |       |    12 ||    12
Evoke: Wand              |       |       |     2 ||     2
  Use: Scroll            |     5 |     2 |     4 ||    11
 Stab: Paralysed         |       |       |     8 ||     8
Armor: Scale mail        |    48 |    81 |   135 ||   264
Dodge: Dodged            |    60 |    76 |   119 ||   255
Block: Buckler           |    26 |    29 |    51 ||   106

Table legend: (Time is in decaauts)
 A = Elapsed time spent in this place.
 B = Non-inter-level travel time spent in this place.
 C = Inter-level travel time spent in this place.
 D = Time resting spent in this place.
 E = Time spent auto-exploring this place.
 F = Levels seen in this place.
 G = Mean time per level.
                   A        B        C        D        E       F      G
               +--------+--------+--------+--------+--------+-----+--------+
         Total |   8101 |   7895 |    206 |   2053 |   3685 |   8 | 1012.6 |
       Dungeon |   7883 |   7703 |    180 |   2053 |   3507 |   7 | 1126.1 |
        Temple |    217 |    191 |     26 |      0 |    178 |   1 |  217.0 |
               +--------+--------+--------+--------+--------+-----+--------+

Top non-repeatable levels by time:
     D:5: 2264 daAuts
     D:6: 1396 daAuts
     D:1: 1162 daAuts
     D:4: 1029 daAuts
     D:3: 998 daAuts
     D:2: 838 daAuts
  Temple: 217 daAuts
     D:7: 194 daAuts
